 Dungeon Sprint DCSS version 0.30.1-9-gdf580d7c3d (webtiles) character file.

Game seed: 7414074591280876488

2877 Heoruswealwe the Impaler (level 9, -11/94 HPs)
             Began as a Minotaur Fighter on Sept 27, 2023.
             Was an Initiate of Gozag.
             Mangled by a white ugly thing (25 damage)
             ... in the Dungeon (Sprint IX: "|||||||||||||||||||||||||||||").
             The game lasted 00:05:34 (410 turns).

Heoruswealwe the Impaler (Minotaur Fighter)          Turns: 410, Time: 00:05:37

Health: -11/94     AC: 23    Str: 25    XL:     9   Next: 48%
Magic:  8/8        EV:  9    Int:  5    God:    Gozag
Gold:   630        SH:  0    Dex: 10    Spells: 8/8 levels left

rFire   . . .        b - +2 halberd (protect)
rCold   . . .        (shield currently unavailable)
rNeg    . . .        c - +0 chain mail
rPois   .            (helmet restricted)
rElec   .            h - +0 cloak
rCorr   .            f - +0 pair of gloves
SInv    .            (no boots)
Will    .....        (no amulet) Stlth
                     (no ring)
HPRegen 0.35/turn    (no ring)
MPRegen 0.11/turn

%: no teleportation
@: gold aura, under a protective aura
A: horns 2, retaliatory headbutt
a: Renounce Religion, Potion Petition, Call Merchant, Bribe Branch


You were in the Dungeon.
You worshipped Gozag.
Gozag was pleased with you.
You visited 1 branch You collected 630 gold pieces.

Inventory:

Hand Weapons
 a - a +0 trident
 b - a +2 halberd of protection (weapon)
 m - a +0 glaive
Armour
 c - a +0 chain mail (worn)
 d - a +0 buckler
 f - a +0 pair of gloves (worn)
 h - a +0 cloak (worn)
Wands
 l - a wand of iceblast (10)
Scrolls
 j - 2 scrolls of blinking
Potions
 e - 2 potions of curing
 g - a potion of haste
 i - a potion of berserk rage
 k - a potion of might


   Skills:
 + Level 13.6 Fighting
 * Level 18.3 Polearms
 + Level 13.6 Armour
 - Level 3.6 Shields


You had 8 spell levels left.
You didn't know any spells.
Your spell library was empty.

Dungeon Overview and Level Annotations

Branches:
Dungeon (1/1)

Altars:
Cheibriados
Dithmenos
Elyvilon
Fedhas
Gozag
Hepliaklqana
Kikubaaqudgha
Makhleb
Nemelex Xobeh
Okawaru
Qazlal
Ru
Sif Muna
Trog
Uskayaw
Vehumet
Wu Jian
Xom
Yredelemnul
Zin
The Shining One
Jiyva
Lugonu


Innate Abilities, Weirdness & Mutations

You have a pair of horns on your head.
You reflexively headbutt those who attack you in melee.


Message History

You hit the white ugly thing but do no damage.
Something hits you but does no damage.
You closely miss something.
Something hits you but does no damage. x2
You miss something. Something hits you but does no damage.
You miss something. Your headbutt misses something.
Something hits you but does no damage. x2
You slash something! Your headbutt misses something.
Something hits you but does no damage.
You miss something. You headbutt something.
Something hits you but does no damage.
You miss something. Your headbutt misses something. Something hits you.
* * * LOW HITPOINT WARNING * * *
You barely miss something. Something hits you.
* * * LOW HITPOINT WARNING * * *
Something hits you but does no damage.
You miss something. Something hits you but does no damage.
You miss something. Something hits you.
* * * LOW HITPOINT WARNING * * *
Something hits you but does no damage.
You slash something!
Reactivating autopickup.
You feel a bit more experienced.
Your Polearms skill increases to level 18!
You feel better.
The white ugly thing bites you but does no damage.
You impale the white ugly thing!!
The white ugly thing is moderately wounded.
The white ugly thing bites you but does no damage.
You closely miss the white ugly thing.
The white ugly thing is moderately wounded.
You puncture the white ugly thing! You headbutt the white ugly thing!
The white ugly thing is severely wounded.
The white ugly thing bites you but does no damage.
You barely miss the white ugly thing. You headbutt the white ugly thing!
The white ugly thing is almost dead.
The white ugly thing bites you.
* * * LOW HITPOINT WARNING * * *
The white ugly thing freezes you!!
You die...
Your body crumbles into a pile of gold.

▓)▓
▓.▓
$
▓.▓
$
▓[▓
$ $
▓.▓
$
▓.▓
$
▓$▓
▓$▓
▓@▓
▓u▓
▓.▓
▓.▓
▓.▓
▓+▓


You could see a white ugly thing.

Vanquished Creatures
  A centaur warrior (D)
  A cyclops (D)
  A manticore (D)
  2 unseen horrors (D)
  A gargoyle (D)
  A troll (D)
  A yak (D)
  A steam dragon (D)
  An orc warrior (D)
  A wight (D)
  2 iguanas (D)
  An adder (D)
  2 orcs (D)
  2 goblins (D)
  A kobold (D)
  2 rats (D)
21 creatures vanquished.

Notes
Turn   | Place    | Note
-------+----------+-------------------------------------------
     0 | D        | Heoruswealwe the Minotaur Fighter began the quest for the
                  | Orb.
     0 | D        | Reached XP level 1. HP: 19/19 MP: 0/0
     9 | D        | Reached skill level 3 in Polearms
    28 | D        | Noticed an iguana
    28 | D        | Noticed an iguana
    35 | D        | Killed an iguana
    36 | D        | Reached skill level 5 in Fighting
    36 | D        | Reached skill level 5 in Polearms
    36 | D        | Reached skill level 5 in Armour
    36 | D        | Reached XP level 2. HP: 7/29 MP: 1/1
    36 | D        | Reached XP level 3. HP: 9/36 MP: 2/2
    42 | D        | Reached skill level 6 in Polearms
    48 | D        | Reached skill level 7 in Polearms
    48 | D        | Reached XP level 4. HP: 32/44 MP: 3/3
    54 | D        | Found a snail-covered altar of Cheibriados.
    54 | D        | Found a shadowy altar of Dithmenos.
    54 | D        | Found a white marble altar of Elyvilon.
    54 | D        | Found a blossoming altar of Fedhas.
    54 | D        | Found an opulent altar of Gozag.
    55 | D        | Found a hazy altar of Hepliaklqana.
    56 | D        | Found a viscous altar of Jiyva.
    57 | D        | Found an ancient bone altar of Kikubaaqudgha.
    58 | D        | Found a corrupted altar of Lugonu.
    59 | D        | Found a burning altar of Makhleb.
    60 | D        | Found a sparkling altar of Nemelex Xobeh.
    61 | D        | Found an iron altar of Okawaru.
    62 | D        | Became a worshipper of Gozag Ym Sagoz the Greedy
    63 | D        | Found a stormy altar of Qazlal.
    64 | D        | Found a sacrificial altar of Ru.
    65 | D        | Found a shimmering blue altar of Sif Muna.
    66 | D        | Found a bloodstained altar of Trog.
    67 | D        | Found a hide-covered altar of Uskayaw.
    68 | D        | Found a radiant altar of Vehumet.
    69 | D        | Found an ornate altar of the Wu Jian Council.
    70 | D        | Found a shimmering altar of Xom.
    71 | D        | Found a basalt altar of Yredelemnul.
    72 | D        | Found a glowing silver altar of Zin.
    73 | D        | Found a glowing golden altar of the Shining One.
   140 | D        | Noticed a yak
   140 | D        | Noticed a troll
   140 | D        | Noticed a gargoyle
   140 | D        | Noticed a steam dragon
   140 | D        | Noticed an orc warrior
   147 | D        | Killed a yak
   148 | D        | Reached skill level 10 in Polearms
   148 | D        | Reached XP level 5. HP: 53/53 MP: 4/4
   156 | D        | Killed a troll
   157 | D        | Reached skill level 12 in Polearms
   157 | D        | Reached XP level 6. HP: 21/63 MP: 5/5
   167 | D        | Killed a gargoyle
   168 | D        | Reached skill level 10 in Fighting
   168 | D        | Reached skill level 13 in Polearms
   168 | D        | Reached skill level 10 in Armour
   168 | D        | Reached XP level 7. HP: 28/73 MP: 6/6
   172 | D        | Reached skill level 14 in Polearms
   180 | D        | Killed a steam dragon
   366 | D        | Noticed a centaur warrior
   366 | D        | Noticed a manticore
   366 | D        | Noticed a cyclops
   366 | D        | Noticed a white ugly thing
   374 | D        | Killed an unseen horror
   375 | D        | Reached skill level 15 in Polearms
   375 | D        | Reached XP level 8. HP: 45/82 MP: 7/7
   382 | D        | Killed a centaur warrior
   383 | D        | Reached skill level 16 in Polearms
   389 | D        | Killed a manticore
   390 | D        | Reached skill level 17 in Polearms
   390 | D        | Reached XP level 9. HP: 31/92 MP: 8/8
   393 | D        | Killed a cyclops
   405 | D        | Killed an unseen horror
   406 | D        | Reached skill level 18 in Polearms
   410 | D        | Mangled by a white ugly thing

Illustrated notes

Levels and vault maps discovered:
D:        linesprint [early_d, line_temple, items_1, d_10, items_2, lair_1,
          lair_end, items_3, orc_1, orc_end, items_4, d_15, swamp_1, shoals_1,
          snake_1, spider_1, d_20, vaults_1, items_5, swamp_end, shoals_end,
          snake_end, spider_end, vaults_end, d_27, items_6, zot_1, zot_end,
          crypt_end, forest_end, elf_end, slime_end, tomb_end, abyss_end,
          pan_hell_end]

Skill      XL: |  1  2  3  4  5  6  7  8  9 |
---------------+----------------------------+-----
Polearms       | 5 7 10 12 13 15 17 18 | 18.3
Fighting       | 5 7 9 10 11 12 13 | 13.6
Armour         | 5 7 9 10 11 12 13 | 13.6
Shields        | |  3.6

Action                     |  1- 3 |  4- 6 |  7- 9 || total
---------------------------+-------+-------+-------++-------
  Melee: Trident           |    35 |       |       ||    35
         Headbutt          |     5 |     6 |    13 ||    24
         Halberd           |       |    25 |    54 ||    79
    Use: Potion            |     1 |     1 |     4 ||     6
   Stab: Distracted        |       |     1 |       ||     1
 Armour: Scale mail        |     9 |    11 |     9 ||    29
         Chain mail        |       |       |    45 ||    45
  Dodge: Dodged            |     9 |    17 |    13 ||    39
  Block: Buckler           |     6 |       |       ||     6
